Map: [ESL] Amphion

Players

Kelazhur

  • Race: Terran Terran
  • League: Master
  • Spawn Location: 7:00

Harstem - Winner!

  • Race: Protoss Protoss
  • League: Master
  • Spawn Location: 11:00

Event: Bellum Gens Elite Stara Zagora 2024

VOD

Have the link to the VOD?

Description

Time

  • Played on: Sept. 6, 2024, 11:45 a.m.
  • Length: 12:42

All games in this series

Show
View Real Time Build Order
Export as new Build Order

Kelazhur Terran 

Build Orders: Cyclone Opening 

Get SALT Encoding   

  12  0:00  SCV  
  13  0:12  SCV  
  14  0:17  Supply Depot  
  14  0:24  SCV  
  15  0:39  SCV  
  15  0:40  Barracks  
  16  0:44  Refinery  
  16  0:51  SCV  
  17  1:03  SCV  
  18  1:15  SCV  
  19  1:27  Orbital Command, Marine  
  20  1:41  Command Center  
  20  1:45  Barracks Reactor  
  20  1:52  Supply Depot  
  20  1:55  SCV  
  21  2:05  Factory  
  21  2:08  SCV  
  22  2:21  SCV, Marine x2  
  25  2:33  SCV  
  26  2:39  Marine x2  
  28  2:46  SCV  
  28  2:50  Cyclone  
  31  2:54  Orbital Command  
  31  2:58  Marine x2  
  31  2:59  SCV  
  35  3:12  SCV  
  35  3:15  Command Center  
  35  3:16  Marine x2  
  35  3:19  SCV  
  37  3:26  Cyclone  
  39  3:31  SCV  
  40  3:34  Supply Depot, Marine x2  
  40  3:35  SCV  
  43  3:43  SCV  
  43  3:48  SCV  
  45  3:55  SCV, Marine x2  
  45  4:00  SCV  
  43  4:04  Cyclone  
  43  4:07  SCV  
  46  4:10  Barracks  
  46  4:11  Barracks  
  46  4:12  SCV  
  47  4:18  Marine x2  
  47  4:19  SCV  
  46  4:24  SCV  
  47  4:32  SCV  
  47  4:33  Refinery  
  47  4:34  Refinery  
  47  4:35  Orbital Command, Engineering Bay  
  47  4:36  SCV, Marine x2  
  51  4:38  Factory Tech Lab  
  51  4:41  Supply Depot  
  51  4:44  SCV  
  51  4:48  SCV  
  52  4:53  Marine  
  52  4:54  Marine  
  52  4:56  SCV  
  52  4:59  Barracks Tech Lab x2, Siege Tank, Refinery  
  58  5:00  SCV  
  58  5:02  SCV  
  60  5:08  SCV  
  60  5:12  SCV  
  60  5:13  Marine x2  
  64  5:14  SCV  
  64  5:17  Terran Infantry Weapons Level 1  
  64  5:20  SCV, Stimpack  
  65  5:24  Orbital Command, SCV  
  66  5:29  Marauder x2  
  66  5:31  Combat Shield  
  66  5:32  Marine x2  
  66  5:34  SCV  
  73  5:42  SCV  
  74  5:47  Siege Tank  
  77  5:51  Supply Depot  
  77  5:52  Supply Depot  
  77  5:56  Barracks  
  77  5:57  Barracks  
  77  5:58  Starport  
  77  6:13  SCV x3, Marine x2, Marauder  
  77  6:14  Marauder  
  77  6:17  Supply Depot  
  85  6:25  SCV x2  
  86  6:26  SCV  
  86  6:30  Siege Tank  
  89  6:35  Marauder  
  89  6:36  Marauder  
  89  6:39  SCV x3, Marine x2  
  98  6:41  Supply Depot  
  97  6:47  Barracks Tech Lab  
  97  6:48  Starport Reactor  
  97  6:49  Barracks Reactor  
  97  6:51  SCV x3  
  97  6:53  Supply Depot  
  100  6:55  Supply Depot  
  100  6:56  Supply Depot  
  100  7:00  Marauder  
  99  7:03  SCV x3  
  99  7:08  Marine x2, Marauder x2  
  107  7:10  Supply Depot  
  107  7:13  Terran Infantry Armor Level 1  
  107  7:15  Siege Tank, SCV x2  
  111  7:18  Supply Depot  
  111  7:20  SCV  
  114  7:23  Armory  
  114  7:25  Marine x2, Engineering Bay  
  114  7:27  SCV, Marauder, Medivac x2  
  114  7:28  SCV  
  114  7:29  Supply Depot  
  124  7:33  SCV  
  125  7:37  Supply Depot  
  125  7:40  SCV x2  
  125  7:41  Marauder x2  
  125  7:42  Marine x2  
  132  7:45  Marine x2  
  132  7:48  Refinery  
  132  7:49  Refinery  
  132  7:51  Supply Depot  
  133  7:53  Supply Depot  
  133  7:57  Siege Tank, Medivac x2  
  142  7:58  Marauder  
  142  7:59  SCV x2  
  142  8:03  Ghost Academy  
  144  8:09  Marine x3, Marauder x2  
  144  8:10  SCV  
  144  8:11  SCV  
  153  8:23  Command Center  
  153  8:26  Marine, Marauder  
  153  8:27  Marine, Sensor Tower  
  156  8:28  Terran Infantry Weapons Level 2  
  156  8:30  Marauder  
  156  8:33  Marine x2  
  161  8:34  Ghost  
  163  8:44  Barracks  
  163  8:45  Barracks  
  163  8:46  Barracks  
  161  8:48  Ghost  
  161  8:49  Marine x2  
  161  8:51  Medivac  
  76  8:55  Medivac  
  167  8:56  Marauder  
  167  9:00  Marine  
  167  9:01  Marine  
  173  9:04  Supply Depot  
  171  9:10  SCV x3  
  171  9:17  Ghost  
  174  9:18  Ghost  
  174  9:22  SCV, Ghost  
  174  9:23  Missile Turret  
  179  9:27  Marine x2, Missile Turret  
  181  9:36  Missile Turret  
  181  9:38  Viking x2  
  183  9:41  Barracks Tech Lab  
  183  9:43  Barracks Tech Lab  
  183  9:45  Ghost  
  185  9:49  Barracks Tech Lab  
  187  9:57  Ghost  
  188  10:07  Terran Infantry Armor Level 2  
  188  10:09  Terran Vehicle Weapons Level 1  
  188  10:15  Ghost  
  188  10:16  Marine x2  
  188  10:19  Refinery  
  188  10:21  Refinery  
  192  10:22  Viking  
  192  10:28  Viking  
  192  10:39  Missile Turret  
  192  10:40  Missile Turret x2  
  192  10:41  Missile Turret  
  192  10:42  Missile Turret  
  171  10:43  Marine, Ghost x2  
  171  10:44  Marine x3  
  171  10:46  Marine  
  166  10:50  Marine x3  
  166  10:52  Viking  
  166  10:58  Viking  
  166  11:01  Marine x4  
  166  11:03  Ghost  
  165  11:07  Marine  
  165  11:08  Marine x2  
  164  11:11  Ghost  
  161  11:18  Ghost  
  161  11:19  Marine x4  
  161  11:22  Viking  
  154  11:25  Marine  
  154  11:26  Marine  
  154  11:32  Marine  
  136  11:37  Marine x4  
  129  11:40  Marine  
  129  11:43  Marine  
  129  11:44  Marine  
  127  11:47  Marine  
  127  11:50  Marine  
  127  11:55  Marine x3  
  127  11:58  Marine  
  127  12:01  Marine  
  114  12:05  Marine  
  114  12:06  Marine  
  114  12:08  Marine  
  105  12:13  Marine x2  
  95  12:16  Marine  
  95  12:19  Marine  
  75  12:23  Marine  
Show
View Real Time Build Order
Export as new Build Order

Harstem Protoss - Winner!

Build Orders: 1 Gate Expand, Oracle Opening, Phoenix Opening, Carriers 

Get SALT Encoding   

  12  0:00  Probe  
  13  0:12  Probe  
  14  0:18  Pylon  
  14  0:24  Probe  
  15  0:36  Gateway  
  15  0:37  Probe (Chrono Boost)  
  16  0:46  Probe (Chrono Boost)  
  16  0:47  Assimilator  
  17  0:51  Probe (Chrono Boost)  
  18  1:03  Probe  
  19  1:20  Nexus  
  19  1:30  Cybernetics Core  
  19  1:33  Probe  
  20  1:40  Assimilator  
  20  1:45  Probe  
  21  1:49  Pylon  
  21  1:57  Probe  
  22  2:04  Adept (Chrono Boost)  
  24  2:10  Probe  
  25  2:19  Stargate  
  25  2:22  Probe  
  26  2:25  Adept (Chrono Boost)  
  28  2:33  Probe  
  28  2:34  Probe (Chrono Boost)  
  28  2:35  Warp Gate  
  29  2:45  Probe (Chrono Boost)  
  31  2:52  Probe (Chrono Boost)  
  31  2:55  Probe (Chrono Boost)  
  31  2:59  Probe (Chrono Boost)  
  31  3:00  Probe (Chrono Boost)  
  31  3:02  Oracle (Chrono Boost)  
  35  3:10  Pylon, Probe  
  35  3:11  Stalker  
  38  3:15  Probe  
  39  3:22  Probe  
  39  3:25  Gateway  
  39  3:27  Probe  
  41  3:30  Shield Battery  
  41  3:37  Phoenix (Chrono Boost)  
  41  3:39  Probe  
  41  3:40  Probe  
  45  3:54  Phoenix (Chrono Boost), Probe  
  49  4:08  Probe  
  50  4:12  Pylon  
  49  4:17  Nexus  
  49  4:19  Probe  
  49  4:20  Phoenix  
  52  4:25  Probe  
  52  4:28  Pylon  
  53  4:31  Probe  
  53  4:37  Assimilator  
  53  4:38  Probe (Chrono Boost)  
  55  4:39  Assimilator, Robotics Facility  
  55  4:43  Probe (Chrono Boost)  
  56  4:50  Probe (Chrono Boost)  
  57  4:55  Probe (Chrono Boost)  
  57  4:57  Probe (Chrono Boost)  
  59  5:00  Probe (Chrono Boost)  
  59  5:02  Phoenix  
  59  5:04  Probe  
  59  5:06  Protoss Air Weapons Level 1  
  63  5:10  Probe  
  64  5:18  Probe (Chrono Boost)  
  65  5:22  Pylon, Probe (Chrono Boost)  
  65  5:23  Shield Battery  
  65  5:25  Observer  
  65  5:27  Robotics Bay  
  68  5:32  Probe (Chrono Boost)  
  68  5:34  Probe x2 (Chrono Boost)  
  70  5:36  Assimilator  
  70  5:37  Assimilator, Phoenix  
  70  5:41  Probe x2 (Chrono Boost)  
  75  5:43  Probe (Chrono Boost)  
  75  5:46  Probe (Chrono Boost)  
  75  5:47  Sentry  
  75  5:48  Probe  
  75  5:49  Zealot  
  81  5:52  Forge, Probe  
  82  5:58  Observer  
  82  6:01  Probe (Chrono Boost)  
  82  6:02  Phoenix  
  82  6:03  Pylon  
  87  6:04  Probe x2 (Chrono Boost)  
  87  6:07  Pylon  
  89  6:14  Pylon, Probe x2 (Chrono Boost)  
  89  6:15  Probe (Chrono Boost)  
  89  6:18  Colossus (Chrono Boost)  
  91  6:19  Probe (Chrono Boost)  
  91  6:22  Probe  
  91  6:23  Pylon  
  91  6:24  Probe  
  100  6:27  Protoss Ground Weapons Level 1  
  100  6:29  Extended Thermal Lance  
  100  6:31  Probe  
  100  6:32  Zealot  
  103  6:34  Probe  
  103  6:36  Phoenix  
  103  6:37  Probe  
  103  6:39  Pylon  
  107  6:43  Probe  
  107  6:44  Shield Battery  
  108  6:47  Zealot  
  108  6:50  Gateway  
  108  6:52  Probe  
  111  6:54  Shield Battery  
  111  6:56  Pylon  
  111  6:58  Colossus (Chrono Boost)  
  111  7:01  Phoenix  
  119  7:10  Fleet Beacon  
  120  7:16  Stargate  
  119  7:26  Phoenix  
  119  7:28  Nexus  
  119  7:29  Pylon  
  121  7:39  Probe  
  122  7:44  Pylon  
  122  7:46  Probe  
  122  7:48  Protoss Air Armor Level 1 (Chrono Boost), Photon Cannon  
  123  7:57  Stargate  
  130  7:58  Carrier (Chrono Boost), Probe  
  130  7:59  Probe  
  130  8:02  Cybernetics Core  
  130  8:04  Pylon  
  131  8:06  Carrier (Chrono Boost)  
  131  8:08  Assimilator  
  137  8:13  Pylon, Photon Cannon  
  137  8:14  Assimilator  
  137  8:17  Shield Battery  
  137  8:18  Pylon  
  137  8:20  Probe  
  137  8:22  Pylon  
  137  8:26  Shield Battery  
  138  8:29  Photon Cannon  
  144  8:41  Mothership (Chrono Boost)  
  144  8:42  Carrier (Chrono Boost)  
  148  8:50  Photon Cannon  
  148  8:51  Pylon  
  148  9:08  Protoss Air Weapons Level 2 (Chrono Boost)  
  148  9:10  Nexus, Pylon  
  160  9:21  Pylon  
  160  9:24  Carrier (Chrono Boost)  
  160  9:25  Carrier (Chrono Boost)  
  160  9:31  Photon Cannon  
  160  9:37  Carrier (Chrono Boost)  
  166  9:47  Protoss Air Armor Level 2  
  166  9:52  Assimilator  
  166  9:56  Anion Pulse-Crystals  
  166  10:06  Probe  
  167  10:10  Stargate  
  167  10:12  Assimilator  
  177  10:21  Photon Cannon  
  177  10:22  Carrier (Chrono Boost)  
  177  10:25  Carrier (Chrono Boost), Photon Cannon  
  177  10:26  Photon Cannon  
  183  10:48  Carrier (Chrono Boost)  
  183  10:51  Zealot  
  183  10:52  Zealot x2  
  183  10:55  Carrier (Chrono Boost)  
  186  11:13  Photon Cannon  
  186  11:14  Photon Cannon  
  178  11:19  Carrier  
  178  11:22  Carrier  
  177  11:39  Zealot x3  
  177  12:05  Probe  
  177  12:06  Nexus, Probe x2  
  168  12:17  Probe  
  168  12:21  Zealot x3  
  173  12:29  Probe x2  
Tags
 
Add a new tag
Caveats
  • Supply blocks, unpowered buildings, or Contaminate may cause inaccurate times.
  • Supply counts are checked every 10 seconds.